[Event "Baden Youth-ch 2020"]
[Site "Karlsruhe-Durlach"]
[Date "2020.01.05"]
[Round "6.5"]
[White "Wu, Luka"]
[Black "Wu, Leon"]
[Result "1/2-1/2"]
[ECO "C69"]
[WhiteElo "2057"]
[BlackElo "2023"]
[Annotator "NA"]
[PlyCount "89"]
[EventDate "2020.01.02"]
[EventType "swiss"]
[EventCountry "GER"]
[SourceTitle "playchess.com"]
[Source "ChessBase"]
[SourceQuality "1"]
[TimeControl "5400+30"]

1. e4 e5 2. Nf3 Nc6 3. Bb5 a6 4. Bxc6 dxc6 5. O-O f6 6. d4 exd4 7. Qxd4 Qxd4 8. Nxd4 c5 9. Nb3 Bg4 10. Bf4 O-O-O 11. Nc3 Ne7 12. f3 Bh5 13. Rfd1 Rxd1+ 14. Rxd1 Nc6 15. Kf2 c4 16. Nd4 Bc5 17. Be3 Nxd4 18. Bxd4 Bxd4+ 19. Rxd4 Rd8 20. Ke3 Bf7 21. b3 cxb3 22. cxb3 Rxd4 23. Kxd4 Kd7 24. Nd5 Bxd5 25. Kxd5 b6 26. f4 c6+ 27. Kd4 Ke6 28. b4 Kd6 29. a4 h5 30. h4 g6 31. g3 Ke6 32. Kc4 Kd6 33. Kd4 Ke6 34. Ke3 Kd6 35. Kd4 Ke6 36. Kc3 f5 37. e5 Kd5 38. a5 b5 39. Kd3 c5 40. bxc5 Kxc5 41. Kc3 Kd5 42. Kb4 Kc6 43. Kc3 Kd5 44. Kb4 Kc6 45. Kc3 1/2-1/2

[Event "Baden Youth-ch 2020"]
[Site "Karlsruhe-Durlach"]
[Date "2020.01.05"]
[Round "6.6"]
[White "Basovskiy, Jana"]
[Black "Chung, Dana"]
[Result "1-0"]
[ECO "B15"]
[WhiteElo "1791"]
[BlackElo "1252"]
[Annotator "NA"]
[PlyCount "67"]
[EventDate "2020.01.02"]
[EventType "swiss"]
[EventCountry "GER"]
[SourceTitle "playchess.com"]
[Source "ChessBase"]
[SourceQuality "1"]
[TimeControl "5400+30"]

1. e4 c6 2. d4 d5 3. Nc3 dxe4 4. Nxe4 Nf6 5. Nxf6+ exf6 6. c3 Bf5 7. Bd3 Bxd3 8. Qxd3 Bd6 9. Ne2 O-O 10. O-O Re8 11. Bf4 Na6 12. Bxd6 Qxd6 13. Rfe1 Nc7 14. Ng3 b6 15. Qf3 c5 16. Nf5 Qd5 17. Ne7+ Rxe7 18. Rxe7 Qxf3 19. gxf3 Ne6 20. d5 Kf8 21. Rd7 Ng5 22. Kg2 Ke8 23. Rb7 Kd8 24. h4 Kc8 25. Re7 Kd8 26. Re2 Kc7 27. hxg5 fxg5 28. c4 Kd6 29. Rae1 a6 30. Re7 b5 31. b3 bxc4 32. bxc4 a5 33. Rxf7 h5 34. Re6# {[%emt 0:08:00] Kxd5} 1-0

[Event "Baden Youth-ch 2020"]
[Site "Karlsruhe-Durlach"]
[Date "2020.01.05"]
[Round "6.7"]
[White "Visvikis, Kassandra"]
[Black "Henninger, Claire"]
[Result "1/2-1/2"]
[ECO "B18"]
[WhiteElo "1568"]
[BlackElo "1507"]
[Annotator "NA"]
[PlyCount "53"]
[EventDate "2020.01.02"]
[EventType "swiss"]
[EventCountry "GER"]
[SourceTitle "playchess.com"]
[Source "ChessBase"]
[SourceQuality "1"]
[TimeControl "5400+30"]

1. e4 c6 2. d4 d5 3. Nd2 dxe4 4. Nxe4 Bf5 5. Ng3 Bg6 6. Nf3 Nd7 7. Be2 Ngf6 8. O-O e6 9. Nh4 Bd6 10. Nxg6 hxg6 11. a4 Ne4 12. Bd3 Qh4 13. h3 Nxg3 14. fxg3 Qxd4+ 15. Kh2 Nf6 16. Be2 Qxd1 17. Rxd1 O-O-O 18. Be3 a6 19. Bf3 Nd5 20. Bf2 g5 21. Kg1 Be5 22. c3 Nc7 23. Re1 Bf6 24. Re2 Rd7 25. Rc2 Rhd8 26. Be1 Nd5 27. Bf2 1/2-1/2

[Event "Baden Youth-ch 2020"]
[Site "Karlsruhe-Durlach"]
[Date "2020.01.05"]
[Round "6.8"]
[White "Schmider, Niklas"]
[Black "Doll, Alexander"]
[Result "1/2-1/2"]
[ECO "C78"]
[WhiteElo "2298"]
[BlackElo "2127"]
[Annotator "ChessBase"]
[PlyCount "90"]
[EventDate "2020.01.02"]
[EventType "swiss"]
[EventCountry "GER"]
[SourceTitle "playchess.com"]
[Source "ChessBase"]
[SourceQuality "1"]
[TimeControl "5400+30"]

1. e4 e5 2. Nf3 Nc6 3. Bb5 a6 4. Ba4 Nf6 5. O-O b5 6. Bb3 Bb7 7. d3 Bc5 8. c3 O-O 9. Nbd2 d6 10. Re1 Bb6 11. Nf1 Ne7 12. Be3 Bxe3 13. Nxe3 c5 14. a4 Qc7 15. Bc2 Rfe8 16. Nh4 Rad8 17. Nhf5 Nxf5 18. Nxf5 d5 19. Qc1 h6 20. axb5 axb5 21. Qe3 Bc8 22. Qf3 Bxf5 23. Qxf5 dxe4 24. dxe4 Rd2 25. Rac1 Red8 26. h3 Nh7 27. Qf3 Ng5 28. Qe3 Ne6 29. Re2 R2d6 30. g3 c4 31. Ra1 Nc5 32. Kg2 Kh7 33. Ree1 Rd2 34. Re2 R2d3 35. Bxd3 Rxd3 36. Qc1 Nb3 37. Qe1 Nxa1 38. Qxa1 Qd7 39. Qa3 Rd1 40. Qc5 Qd3 41. Qxe5 Qxe2 42. Qf5+ Kg8 43. Qc8+ Kh7 44. Qf5+ Kg8 45. Qc8+ Kh7 1/2-1/2

[Event "Baden Youth-ch 2020"]
[Site "Karlsruhe-Durlach"]
[Date "2020.01.05"]
[Round "6.9"]
[White "Nass, Maximilian"]
[Black "Simbikangwa, Philippe"]
[Result "0-1"]
[ECO "B06"]
[WhiteElo "1937"]
[BlackElo "1865"]
[Annotator "NA"]
[PlyCount "114"]
[EventDate "2020.01.02"]
[EventType "swiss"]
[EventCountry "GER"]
[SourceTitle "playchess.com"]
[Source "ChessBase"]
[SourceQuality "1"]
[TimeControl "5400+30"]

1. e4 g6 2. d4 Bg7 3. Nf3 d6 4. Bc4 Nf6 5. Qe2 O-O 6. Bg5 Bg4 7. Bb3 Nc6 8. c3 e5 9. dxe5 Nxe5 10. h3 Nxf3+ 11. gxf3 Bh5 12. Nd2 Qd7 13. O-O-O b5 14. Nf1 a5 15. Ng3 Rab8 16. Bxf6 Bxf6 17. Nxh5 gxh5 18. Rhg1+ Kh8 19. e5 Rfe8 20. f4 Qf5 21. Rd4 dxe5 22. Re4 Rg8 23. Re1 exf4 24. Bc2 Qg5 25. f3 b4 26. h4 Qg7 27. Rxf4 Qh6 28. Qe3 bxc3 29. b3 Rbe8 30. Re4 Qxe3+ 31. R4xe3 Rxe3 32. Rxe3 Rg2 33. Be4 Rh2 34. a4 Rxh4 35. Re2 Rh1+ 36. Kc2 Ra1 37. Kd3 Rd1+ 38. Kc4 Rd2 39. Re1 h4 40. Kb5 h3 41. Kxa5 h2 42. f4 c2 43. Bxc2 Rxc2 44. Ka6 Bd4 45. Rh1 Bg1 46. b4 Kg7 47. a5 Kf6 48. b5 Rb2 49. f5 Kxf5 50. b6 cxb6 51. axb6 Rxb6+ 52. Ka7 Kg4 53. Ka8 Ra6+ 54. Kb7 Re6 55. Kc7 Kg3 56. Kd8 Kg2 57. Rxh2+ Bxh2 0-1

[Event "Baden Youth-ch 2020"]
[Site "Karlsruhe-Durlach"]
[Date "2020.01.06"]
[Round "7.2"]
[White "Haenselmann, Hendrik"]
[Black "Neves, Carlos"]
[Result "1-0"]
[ECO "B74"]
[WhiteElo "1807"]
[BlackElo "1438"]
[Annotator "NA"]
[PlyCount "61"]
[EventDate "2020.01.02"]
[EventType "swiss"]
[EventCountry "GER"]
[SourceTitle "playchess.com"]
[Source "ChessBase"]
[SourceQuality "1"]
[TimeControl "5400+30"]

1. e4 c5 2. Nf3 Nc6 (2... d6 3. d4 cxd4 4. Nxd4 Nf6 5. Nc3 Nc6 6. Be2 g6 7. Be3 Bg7 8. O-O O-O 9. Nb3 a5 {½-½ (11) Radlovacki,J (2346)-Leskur,D (2399) Ruma 2017}) 3. d4 cxd4 4. Nxd4 g6 5. Be2 Bg7 6. Nb3 Nf6 7. Nc3 O-O 8. O-O a5 9. a4 d6 10. Be3 Nb4 11. Qd2 Be6 {[%emt 0:01:58] B74: Sicilian Dragon: Classical System with 9 Nb3} 12. Rad1 $146 ({Predecessor:} 12. f3 Bxb3 13. cxb3 Nd7 14. Rac1 Rc8 15. Bc4 Nb6 16. Nd5 Nxc4 17. bxc4 Nxd5 18. cxd5 Qd7 {½-½ (18) Gorny,T-Litwin,B Poznan 2003}) 12... Qd7 13. Nd4 Qc7 14. Ncb5 Qb8 15. f3 Bd7 16. c3 Nc6 17. Kh1 Rd8 $1 $11 {[%emt 0:11:48] remains equal.} 18. Nc2 Be6 19. Ncd4 Bc8 20. c4 $16 Nd7 21. f4 Nxd4 22. Bxd4 b6 23. Bxg7 Kxg7 24. Qd4+ Kg8 25. Rd3 Nc5 26. Rg3 Bb7 27. Bd3 e5 28. Qe3 Qc8 29. f5 Nxa4 30. Qh6 Kh8 31. Rh3 1-0

[Event "Baden Youth-ch 2020"]
[Site "Karlsruhe-Durlach"]
[Date "2020.01.06"]
[Round "7.3"]
[White "Fischer, Darja"]
[Black "Schneider, Anna"]
[Result "1-0"]
[ECO "D36"]
[WhiteElo "1546"]
[BlackElo "1758"]
[Annotator "NA"]
[PlyCount "95"]
[EventDate "2020.01.02"]
[EventType "swiss"]
[EventCountry "GER"]
[SourceTitle "playchess.com"]
[Source "ChessBase"]
[SourceQuality "1"]
[TimeControl "5400+30"]

1. d4 d5 2. c4 e6 3. cxd5 exd5 4. Nc3 Nf6 5. Bg5 c6 6. Qc2 h6 7. Bh4 Be7 8. e3 Nbd7 9. Nf3 O-O 10. Bd3 Re8 11. O-O Ne4 12. Bxe7 Qxe7 13. Bxe4 dxe4 14. Nd2 Nf6 15. Nc4 Nd5 16. Ne5 Bf5 17. Nc4 Qg5 18. Kh1 Rad8 19. Ne2 h5 20. Ng3 Bh7 21. Qb3 h4 22. Ne2 Qh5 23. Rae1 h3 24. Rg1 b5 25. Nd2 Re6 26. Ng3 hxg2+ 27. Rxg2 Qh4 28. Qd1 Bg6 29. Reg1 Nf6 30. Qe2 Rd5 31. f3 Bh5 32. Nxh5 Nxh5 33. fxe4 Rd7 34. Rg5 Nf6 35. Rxg7+ Kf8 36. e5 Nd5 37. R1g4 Qh6 38. Rg3 Rd8 39. Qf3 Rd7 40. Rg8+ Ke7 41. R3g7 Nf6 42. Ne4 Qh4 43. exf6+ Rxf6 44. Qxf6+ Qxf6 45. Re8+ Kxe8 46. Nxf6+ Ke7 47. Nxd7 Kxd7 48. h4 1-0

[Event "Baden Youth-ch 2020"]
[Site "Karlsruhe-Durlach"]
[Date "2020.01.06"]
[Round "7.4"]
[White "Wehrle, Maximilian"]
[Black "Dobrikov, Marco"]
[Result "0-1"]
[ECO "D85"]
[WhiteElo "1735"]
[BlackElo "2291"]
[Annotator "NA"]
[PlyCount "48"]
[EventDate "2020.01.02"]
[EventType "swiss"]
[EventCountry "GER"]
[SourceTitle "playchess.com"]
[Source "ChessBase"]
[SourceQuality "1"]
[TimeControl "5400+30"]

1. d4 Nf6 2. c4 g6 3. Nc3 d5 4. cxd5 Nxd5 5. e4 Nxc3 6. bxc3 Bg7 7. Qb3 c5 {[%emt 0:01:47] D85: Exchange Grünfeld: Unusual White 7th moves and lines with 7 Nf3} (7... O-O 8. Be3 c5 9. d5 Qa5 10. Rc1 Nd7 11. Nf3 Nf6 12. Nd2 Bd7 13. Be2 Qc7 14. h3 b5 15. O-O {1-0 (39) Kocyigit,B (1873)-Tumova,A (1722) Bratislava 2019}) 8. Bb5+ Bd7 9. Ne2 O-O 10. O-O $146 ({Predecessor:} 10. Rb1 a6 11. Bxd7 Nxd7 12. O-O e5 13. Ba3 exd4 14. cxd4 Re8 15. dxc5 Rxe4 16. Qxb7 Nxc5 17. Bxc5 Rxe2 {½-½ (24) Garcia,J-Gomez Deltell,N Ateneo 1992}) 10... cxd4 11. cxd4 Nc6 12. Be3 a6 13. Bxc6 Bxc6 14. f3 Bb5 15. Rfe1 Bxe2 16. Rxe2 Bxd4 17. Rd1 Bxe3+ 18. Rxe3 Qc7 19. Rc3 Qa5 20. Rd7 Rac8 21. Re3 Rc1+ 22. Kf2 Rfc8 23. Rxb7 $2 (23. Re2 $19) 23... R8c2+ {[%emt 0:00:41] Double Attack} 24. Re2 Qe1+ {[%emt 0:00:14] Double Attack} 0-1

[Event "Baden Youth-ch 2020"]
[Site "Karlsruhe-Durlach"]
[Date "2020.01.06"]
[Round "7.5"]
[White "Koll, Linus"]
[Black "Wu, Luka"]
[Result "0-1"]
[ECO "B72"]
[WhiteElo "1987"]
[BlackElo "2057"]
[Annotator "NA"]
[PlyCount "104"]
[EventDate "2020.01.02"]
[EventType "swiss"]
[EventCountry "GER"]
[SourceTitle "playchess.com"]
[Source "ChessBase"]
[SourceQuality "1"]
[TimeControl "5400+30"]

1. e4 c5 2. Nf3 d6 3. d4 cxd4 4. Nxd4 Nf6 5. Nc3 g6 6. h3 Bg7 7. g4 Nc6 8. Be3 O-O 9. Bg2 Bd7 10. g5 Nh5 11. Nxc6 (11. Bf3 $15) 11... bxc6 12. Bf3 $17 ({Better is} 12. Qd2) 12... Qa5 13. Bd2 Rab8 14. Bxh5 gxh5 15. Rb1 Rfe8 16. a3 Be6 17. O-O Bxh3 18. Re1 Bxc3 19. bxc3 Rxb1 20. Qxb1 Qxa3 21. Kh2 Bg4 22. Kg3 Qc5 23. f3 Qe5+ 24. Kg2 h4 25. f4 Qc5 26. Rh1 Qc4 27. Qe1 Be2 28. Rxh4 Qxe4+ 29. Kh2 Bf3 30. Kg3 Qxe1+ 31. Bxe1 Be4 32. Bf2 a5 33. f5 Bxc2 34. g6 hxg6 35. Bd4 f6 36. fxg6 Bxg6 37. Bb6 Ra8 38. Ra4 Bc2 39. Rxa5 Rxa5 40. Bxa5 Kf7 41. Bb4 c5 42. Ba3 e5 43. Bc1 Ke6 44. Kf3 f5 45. Ke3 f4+ 46. Kd2 Be4 47. Ke2 Bd5 48. Bd2 Kf5 49. Be1 e4 50. Bh4 e3 51. Be7 Ke4 52. Bxd6 f3+ 0-1

[Event "Baden Youth-ch 2020"]
[Site "Karlsruhe-Durlach"]
[Date "2020.01.06"]
[Round "7.6"]
[White "Chung, Dana"]
[Black "Schneider, Katharina"]
[Result "0-1"]
[ECO "D32"]
[WhiteElo "1252"]
[BlackElo "1672"]
[Annotator "NA"]
[PlyCount "50"]
[EventDate "2020.01.02"]
[EventType "swiss"]
[EventCountry "GER"]
[SourceTitle "playchess.com"]
[Source "ChessBase"]
[SourceQuality "1"]
[TimeControl "5400+30"]

1. d4 d5 2. c4 e6 3. Nc3 c5 4. Nf3 cxd4 5. Nxd4 e5 6. Qa4+ Bd7 7. Ndb5 d4 8. Nd5 Na6 9. Qxa6 Bb4+ 10. Nxb4 bxa6 11. Nxa6 Bxb5 12. cxb5 Rc8 13. e3 d3 14. g3 Rxc1+ 15. Rxc1 d2+ 16. Kd1 dxc1=Q+ 17. Kxc1 Nf6 18. Bg2 O-O 19. Rd1 Qa5 20. Kb1 Qxb5 21. Nc7 Qe2 22. Rf1 Qd3+ 23. Ka1 Qc4 24. Nd5 Nxd5 25. Bxd5 Qxf1# 0-1

[Event "Baden Youth-ch 2020"]
[Site "Karlsruhe-Durlach"]
[Date "2020.01.06"]
[Round "7.7"]
[White "Preuss, Julian"]
[Black "Schmider, Niklas"]
[Result "0-1"]
[ECO "D85"]
[WhiteElo "1624"]
[BlackElo "2298"]
[Annotator "ChessBase"]
[PlyCount "72"]
[EventDate "2020.01.02"]
[EventType "swiss"]
[EventCountry "GER"]
[SourceTitle "playchess.com"]
[Source "ChessBase"]
[SourceQuality "1"]
[TimeControl "5400+30"]

1. d4 Nf6 2. c4 g6 3. Nc3 d5 4. cxd5 Nxd5 5. e4 Nxc3 6. bxc3 Bg7 7. Nf3 c5 8. Be3 O-O 9. Be2 Qa5 10. Qd2 Rd8 11. Rd1 Bg4 12. O-O Nc6 13. h3 Bxf3 14. Bxf3 cxd4 15. cxd4 Qxd2 16. Rxd2 Bxd4 17. Bxd4 Nxd4 18. Rb2 b6 19. Rc1 Rac8 20. Rxc8 Rxc8 21. Rd2 e5 22. Bd1 Rc1 23. Kh2 Rc3 24. f3 b5 25. Kg1 a5 26. Kf2 f6 27. f4 Kf7 28. fxe5 fxe5 29. Rb2 a4 30. Be2 a3 31. Rd2 Ke6 32. Bd3 b4 33. Ke1 b3 34. axb3 Rxd3 35. Rxd3 a2 36. Rd1 Nxb3 0-1

[Event "Baden Youth-ch 2020"]
[Site "Karlsruhe-Durlach"]
[Date "2020.01.06"]
[Round "7.8"]
[White "Doll, Alexander"]
[Black "Engemann, Till"]
[Result "1-0"]
[ECO "B22"]
[WhiteElo "2127"]
[BlackElo "1980"]
[Annotator "NA"]
[PlyCount "99"]
[EventDate "2020.01.02"]
[EventType "swiss"]
[EventCountry "GER"]
[SourceTitle "playchess.com"]
[Source "ChessBase"]
[SourceQuality "1"]
[TimeControl "5400+30"]

1. e4 c5 2. c3 Nf6 3. e5 Nd5 4. Bc4 Nb6 5. Bb3 d5 6. exd6 {[%emt 0:00:16] B22: Sicilian: 2 c3} Qxd6 7. Nf3 c4 8. Bc2 Qe6+ 9. Qe2 Qxe2+ 10. Kxe2 Nc6 11. d3 $146 ({Predecessor:} 11. Re1 Bg4 12. Kf1 Bxf3 13. gxf3 {0-1 (58) Potapov,P (2479)-Andreikin,D (2705) Sochi 2017}) 11... Bf5 12. Na3 cxd3+ 13. Bxd3 Bxd3+ 14. Kxd3 O-O-O+ 15. Ke2 e5 16. Nc2 Nd5 17. Rd1 Be7 18. g3 Rd7 19. Ne3 Rhd8 $11 20. Nxd5 Rxd5 21. Be3 Rxd1 22. Rxd1 Rxd1 23. Kxd1 Kd7 24. b4 a6 25. Kc2 Ke6 26. Kb3 b5 27. a4 Kd5 28. Nd2 f5 29. axb5 axb5 30. Nb1 g5 31. Na3 f4 32. Bb6 Bd8 33. Bxd8 Nxd8 34. Nxb5 Ke4 35. Nd6+ Kf3 36. Kc2 Kxf2 37. Kd3 Kg2 38. Ne4 f3 39. Ke3 Nb7 40. Nd2 Nd6 41. Nxf3 h5 42. Nxe5 Kxh2 43. Kf3 h4 44. gxh4 gxh4 45. c4 h3 46. c5 Kg1 47. Kg3 h2 48. Nf3+ Kh1 49. Nxh2 Ne4+ 50. Kf3 1-0

[Event "Baden Youth-ch 2020"]
[Site "Karlsruhe-Durlach"]
[Date "2020.01.06"]
[Round "7.9"]
[White "Grining, Maria"]
[Black "Wagner, Lena"]
[Result "1-0"]
[ECO "D13"]
[WhiteElo "1744"]
[BlackElo "1289"]
[Annotator "NA"]
[PlyCount "109"]
[EventDate "2020.01.02"]
[EventType "swiss"]
[EventCountry "GER"]
[SourceTitle "playchess.com"]
[Source "ChessBase"]
[SourceQuality "1"]
[TimeControl "5400+30"]

1. d4 c6 2. Nf3 d5 3. e3 Nf6 4. c4 Bf5 5. cxd5 cxd5 6. Nc3 Nc6 7. a3 g6 8. Bd3 Ne4 9. O-O Bg7 10. Bxe4 Bxe4 11. Nd2 Bf5 12. Qb3 O-O 13. Qxd5 Qxd5 14. Nxd5 e5 15. dxe5 Bxe5 16. e4 Be6 17. Nf3 Bg7 18. Nc7 Rad8 19. Nxe6 fxe6 20. Bg5 Rc8 21. Rab1 h6 22. Be3 Na5 23. Bxa7 Nc4 24. Rfd1 Bxb2 25. h3 Rf7 26. Nd2 Bxa3 27. Nxc4 Rxc4 28. Rd8+ Bf8 29. Be3 g5 30. f3 Kh7 31. Re8 Rc6 32. Rb8 Rcc7 33. Rb6 e5 34. Re8 Bc5 35. Bxc5 Rxc5 36. Rb8 Rcc7 37. Re8 Rfe7 38. Rxe7+ Rxe7 39. Kf2 Kg7 40. Kg3 Rf7 41. h4 gxh4+ 42. Kxh4 Rf6 43. Rxb7+ Kg6 44. Re7 Rf4+ 45. Kg3 Kf6 46. Re8 h5 47. Kh3 h4 48. Rh8 Kg5 49. Rg8+ Kh5 50. Re8 Kg5 51. Rxe5+ Kg6 52. Re8 Kg5 53. Rg8+ Kh6 54. Rg4 Rxg4 55. Kxg4 1-0

[Event "Baden Youth-ch 2020"]
[Site "Karlsruhe-Durlach"]
[Date "2020.01.06"]
[Round "7.10"]
[White "Schneider, Xenia"]
[Black "Ehmann, Johanna"]
[Result "0-1"]
[ECO "B12"]
[WhiteElo "1332"]
[BlackElo "1846"]
[Annotator "NA"]
[PlyCount "118"]
[EventDate "2020.01.02"]
[EventType "swiss"]
[EventCountry "GER"]
[SourceTitle "playchess.com"]
[Source "ChessBase"]
[SourceQuality "1"]
[TimeControl "5400+30"]

1. e4 c6 2. d4 d6 3. Nf3 Bg4 4. Bc4 e6 5. c3 Nf6 6. Bg5 Be7 7. Nbd2 d5 8. Bxf6 Bxf6 9. Bd3 Nd7 10. e5 Be7 11. Qc2 Bh5 12. Qb3 Qb6 $11 13. h3 Bg6 14. Bxg6 hxg6 15. Qc2 g5 16. Nh2 c5 17. Ndf3 cxd4 18. cxd4 Qb4+ 19. Qd2 Qxd2+ 20. Nxd2 Bb4 21. Rd1 Rc8 22. a3 Bxd2+ 23. Rxd2 Ke7 24. O-O Rc4 25. Ng4 Rhc8 26. Ne3 Rc1 27. Rxc1 Rxc1+ 28. Kh2 Nb6 29. Rc2 Rxc2 30. Nxc2 Nc4 31. b3 Nd2 32. b4 f6 33. exf6+ gxf6 34. Kg3 e5 35. dxe5 fxe5 36. f3 d4 37. Kf2 Ke6 38. Ke2 Nc4 39. a4 Nb2 40. Kd2 Nxa4 41. Ne1 b6 42. Nd3 a5 43. bxa5 bxa5 44. Kc2 Nc3 45. g4 a4 46. Nf2 Kd5 47. Kb2 e4 48. fxe4+ Nxe4 49. Nd3 Kc4 50. Ne5+ Kb4 51. Nd3+ Kc4 52. Ne5+ Kd5 53. Nd3 Nc3 54. Nf2 Ke5 55. Nd3+ Ke4 56. Nc5+ Ke3 57. Ne6 Ne4 58. Nxg5 Nxg5 59. h4 d3 0-1